 Dungeon Crawl Stone Soup version 0.31-a0-233-g139696dc86 (webtiles) character file.

Game seed: 4509405899475458594

326 qw the Shooter (level 6, -1/52 HPs)
             Began as a Minotaur Hexslinger on July 9, 2023.
             Slain by a mummy (10 damage)
             ... in an ossuary.
             The game lasted 00:01:04 (2755 turns).

qw the Shooter (Minotaur Hexslinger)                Turns: 2755, Time: 00:01:04

Health: -1/52      AC:  6    Str: 12    XL:     6   Next: 24%
Magic:  6/6        EV: 11    Int: 10    God:
Gold:   151        SH:  0    Dex: 15    Spells: 6/7 levels left

rFire   + . .        Y - +1 sling
rCold   + . .        (no shield)
rNeg    . . .        b - +0 ring mail
rPois   .            (helmet restricted)
rElec   .            l - scarf {rC+ rF+}
rCorr   .            c - +0 pair of gloves
SInv    .            (no boots)
Will    .....        (no amulet)
Stlth   +            (no ring)
HPRegen 0.28/turn    (no ring)
MPRegen 0.10/turn

%: no passive effects
@: no status effects
A: horns 2, retaliatory headbutt
a: no special abilities


You were in an ossuary.
You visited 1 branch of the dungeon, and saw 4 of its levels.
You also visited: Ossuary.

You collected 151 gold pieces.


Innate Abilities, Weirdness & Mutations

You have a pair of horns on your head.
You reflexively headbutt those who attack you in melee.


   Skills:
 - Level 4.1 Fighting
 + Level 6.2 Ranged Weapons
 - Level 1.0 Armour
 - Level 2.1 Dodging
 - Level 1.0 Spellcasting
 - Level 2.0 Hexes


You had 6 spell levels left.
You knew the following spells:

 Your Spells              Type           Power      Damage    Failure   Level
a - Slow                  Hex            16%        N/A       34%         1

Your spell library contained the following spells:

 Spells                   Type           Power      Damage    Failure   Level
 Inner Flame              Hex/Fire       2%         N/A       83%         3
 Portal Projectile        Hex/Tloc       4%         N/A       83%         3
 Cause Fear               Hex            2%         N/A       98%         4

Inventory:

Hand Weapons
 Y - a +1 sling (weapon)
Armour
 b - a +0 ring mail (worn)
 c - a +0 pair of gloves (worn)
 g - a +0 cloak
 l - a scarf of resistance (worn)
Scrolls
 h - a scroll of identify
Potions
 a - a potion of curing
 i - 3 potions of enlightenment

Dungeon Overview and Level Annotations

Branches:
Dungeon (4/15)            Ossuary (1/1)
 Temple: D:4-7

Altars:

Annotations:
D:1 2 transporters
D:4 1 runed translucent door, Crazy Yiuf, Menkaure


Message History

You shoot a sling bullet. The sling bullet hits the mummy.
The mummy is almost destroyed.
You shoot a sling bullet.
The sling bullet barely misses the mummy.
You shoot a sling bullet. The sling bullet hits the mummy!
You destroy the mummy!
The mummy closely misses you.
Your Fighting skill increases to level 4!
You shoot a sling bullet.
The sling bullet barely misses the mummy.
You shoot a sling bullet. The sling bullet hits the mummy!
The mummy is moderately damaged.
The mummy hits you!
You shoot a sling bullet.
The sling bullet completely misses the mummy.
The mummy hits you!
You shoot a sling bullet.
The sling bullet hits the mummy but does no damage.
The mummy is moderately damaged.
The mummy hits you but does no damage.
You shoot a sling bullet. The sling bullet hits the mummy.
The mummy is heavily damaged.
You shoot a sling bullet.
The sling bullet closely misses the mummy.
The mummy hits you!
You shoot a sling bullet. The sling bullet hits the mummy.
The mummy is heavily damaged.
The mummy hits you.
You shoot a sling bullet. The sling bullet hits the mummy.
The mummy is heavily damaged.
You shoot a sling bullet. The sling bullet hits the mummy.
The mummy is severely damaged.
The mummy hits you.
You shoot a sling bullet. The sling bullet hits the mummy.
The mummy is severely damaged.
The mummy hits you.
You shoot a sling bullet. The sling bullet hits the mummy.
The mummy is severely damaged.
The mummy hits you!
You die...

...........
##.........##
#...........
##.........##
#...........#
##.........##
#.......M...#
##......@..##
#...........#
#####...#####
#...# ##...##
##.....##
#...\...#
#.......#
#...\...#


You could see a mummy.

Vanquished Creatures
  A phantom (D:3)
  An elf zombie (Ossuary)
  A scorpion (D:3)
  An iguana (D:4)
  2 mummies
  2 adders
  2 worms
  A dart slug (D:4)
  A ball python (D:1)
  5 endoplasms
  2 giant cockroaches (D:2)
  A gnoll zombie (Ossuary)
  10 hobgoblins
  4 quokkas
  4 bats
  2 frilled lizards
  6 goblins
  2 goblin zombies (Ossuary)
  3 hobgoblin zombies (Ossuary)
  4 kobolds
  An orc zombie (Ossuary)
  3 rats
59 creatures vanquished.

Notes
Turn   | Place    | Note
-------+----------+-------------------------------------------
     0 | D:1      | qw the Minotaur Hexslinger began the quest for the Orb.
     0 | D:1      | Reached XP level 1. HP: 16/16 MP: 1/1
     0 | D:1      | 0 ||| qw: Version: 0.3-a-51-g015441d
     0 | D:1      | 0 ||| qw: Game counter: 4001
     0 | D:1      | 0 ||| qw: Melee chars always use a shield: true
     0 | D:1      | 0 ||| qw: God list: Okawaru
     0 | D:1      | 0 ||| qw: Allow faded altars: false
     0 | D:1      | 0 ||| qw: Do Orc after clearing Dungeon:15 true
     0 | D:1      | 0 ||| qw: Do second Lair branch before Depths: true
     0 | D:1      | 0 ||| qw: Lair rune preference: random
     0 | D:1      | 0 ||| qw: Goals: Normal
     0 | D:1      | 0 ||| PLANNING D:1-11
   234 | D:1      | Reached skill level 3 in Ranged Weapons
   234 | D:1      | Reached XP level 2. HP: 23/23 MP: 2/2
   787 | D:1      | 787 ||| UPGRADING to +0 cloak.
   792 | D:1      | 792 ||| UPGRADING to +0 leather armour.
   802 | D:1      | 802 ||| DROPPING +0 robe.
   803 | D:1      | 803 ||| UPGRADING to scarf of resistance.
   813 | D:1      | 813 ||| READING scroll labelled ZUNNAOCRUOSS.
   817 | D:1      | 817 ||| READING scroll labelled SOOROI FUTI.
   818 | D:1      | 818 ||| READING 2 scrolls labelled JICLASM GYZUEQI.
   819 | D:1      | 819 ||| READING scroll labelled XEFIVUTASK.
   820 | D:1      | 820 ||| DRINKING 2 murky emerald potions.
   826 | D:1      | 826 ||| DROPPING scroll of poison.
   827 | D:1      | 827 ||| DROPPING potion of ambrosia.
   958 | D:2      | Found a faded altar of an unknown god.
  1059 | D:2      | Reached XP level 3. HP: 29/30 MP: 3/3
  1377 | D:2      | 1377 ||| UPGRADING to +0 ring mail.
  1387 | D:2      | 1387 ||| UPGRADING to +0 pair of gloves.
  1392 | D:2      | 1392 ||| DROPPING +0 leather armour.
  1393 | D:2      | 1393 ||| READING scroll labelled GUCWEHAMIECO.
  1394 | D:2      | 1394 ||| DRINKING 2 bubbling dark potions.
  1395 | D:2      | 1395 ||| READING 2 scrolls of identify.
  1395 | D:2      | 1395 ||| IDENTIFYING smoky cyan potion
  1484 | D:3      | Noticed a phantom
  1501 | D:3      | Killed a phantom
  1502 | D:3      | Reached skill level 5 in Ranged Weapons
  1502 | D:3      | Reached XP level 4. HP: 16/37 MP: 4/4
  1614 | D:3      | Reached skill level 1 in Armour
  1753 | D:3      | Reached XP level 5. HP: 42/42 MP: 5/5
  1987 | D:3      | 1987 ||| READING 3 scrolls of identify.
  1987 | D:3      | 1987 ||| IDENTIFYING amethyst potion
  1988 | D:3      | 1988 ||| READING 2 scrolls of identify.
  1988 | D:3      | 1988 ||| IDENTIFYING purple potion
  1989 | D:3      | 1989 ||| DROPPING potion of brilliance.
  1990 | D:3      | 1990 ||| DROPPING potion of degeneration.
  1999 | D:4      | 1999 ||| PLANNING OSSUARY
  2003 | D:4      | 2003 ||| STAIRDANCE
  2007 | D:3      | Reached skill level 3 in Fighting
  2156 | D:4      | Found a runed translucent door.
  2157 | D:4      | Noticed Crazy Yiuf
  2157 | D:4      | Noticed Menkaure
  2246 | D:4      | HP: 8/46 [iguana (6)]
  2487 | D:4      | Found a sand-covered staircase.
  2575 | Ossuary  | Entered an ossuary
  2634 | Ossuary  | Reached skill level 6 in Ranged Weapons
  2634 | Ossuary  | Reached XP level 6. HP: 24/52 MP: 6/6
  2754 | Ossuary  | HP: 9/52 [mummy (6)]
  2755 | Ossuary  | Slain by a mummy

Levels and vault maps discovered:
D:1:      spicycebolla_arrival_transporter_tutorial, layout_loops_ring,
          serial_co_window_serial, co_window_of_opportunity_a,
          co_window_paths_a, co_window_of_opportunity_a, co_window_paths_a,
          co_window_cross_1, co_window_broadway_b, co_window_corner_b,
          co_window_corner_b, nicolae_titane
D:2:      layout_rooms, basic_ecumenical_altar
D:3:      layout_basic, minmay_misc_feat_roman, feat_on_display
D:4:      layout_cave_pods, minmay_temple_entry_drinking_statues,
          gup_ossuary_entry_pyramid, uniq_crazy_yiuf_cottage, uniq_sigmund,
          uniq_menkaure
Ossuary:  minmay_ossuary_gauntlet

Skill      XL: |  1  2  3  4  5  6 |
---------------+-------------------+-----
Ranged Weapons | 3 5 6 |  6.2
Fighting       | 2 3 4 |  4.1
Armour         | 1 |  1.0
Dodging        | |  2.1
Spellcasting   | |  1.0
Hexes          | |  2.0

Action                     |  1- 3 |  4- 6 || total
---------------------------+-------+-------++-------
   Fire: Sling             |   122 |   130 ||   252
    Use: Scroll            |     6 |     2 ||     8
         Potion            |     2 |       ||     2
 Armour: Leather armour    |     8 |       ||     8
         Ring mail         |     3 |    27 ||    30
  Dodge: Dodged            |    37 |    34 ||    71

Table legend:
 A = Non-vault XP
 B = Vault XP
 C = Vault XP percentage of total XP
 D = Non-vault monster count
 E = Vault monster count
 F = Vault count percentage of total count
                 A         B        C        D         E       F
            +---------+---------+-------+---------+---------+-------
      Total |     331 |     135 |  29.0 |      49 |      10 |  16.9
            +---------+---------+-------+---------+---------+-------
        D:1 |      20 |       0 |   0.0 |      12 |       0 |   0.0
        D:2 |      43 |       0 |   0.0 |      17 |       0 |   0.0
        D:3 |     227 |       0 |   0.0 |      17 |       0 |   0.0
        D:4 |      41 |      18 |  30.5 |       3 |       1 |  25.0
    Ossuary |       0 |     117 | 100.0 |       0 |       9 | 100.0
            +---------+---------+-------+---------+---------+-------
